 Dungeon Crawl Stone Soup version 0.28-a0-662-g1651b1f1e0 (webtiles) character file.

Game seed: 504913242484298872

7 flotson the Sneak (level 1, 0/18 HPs)
             Began as a Demonspawn Delver on Oct 15, 2021.
             Slain by a hobgoblin (3 damage)
             ... on level 3 of the Dungeon.
             The game lasted 00:01:26 (422 turns).

flotson the Sneak (Demonspawn Delver)                Turns: 422, Time: 00:01:27

Health: 0/18       AC:  5    Str: 12    XL:     1   Next: 83%
Magic:  1/1        EV: 10    Int: 11    God:
Gold:   37         SH:  0    Dex: 14    Spells: 0/0 levels left

rFire   . . .      SeeInvis .   a - +0 hand axe
rCold   . . .      Faith    .   (no shield)
rNeg    . . .      Spirit   .   k - +0 ring mail
rPois   .          Reflect  .   (no helmet)
rElec   .          Harm     .   (no cloak)
rCorr   .          Rampage  .   (no gloves)
Will    .....                   (no boots)
Stlth   ++........              (no amulet)
HPRegen 0.06/turn               (no ring)
MPRegen 0.07/turn               (no ring)

@: hasted, very quick
A: no striking features
a: no special abilities


You were on level 3 of the Dungeon.
You visited 1 branch of the dungeon, and saw 3 of its levels.

You collected 37 gold pieces.

Inventory:

Hand Weapons
 a - a +0 hand axe (weapon)
Armour
 k - a +0 ring mail (worn)
Wands
 g - a wand of digging (3)
Scrolls
 c - 2 scrolls of fog
 e - a scroll of fear
 h - a scroll of identify {unknown}
 i - a scroll of immolation {unknown}
Potions
 j - a potion of brilliance {unknown}


   Skills:
 + Level 3.1 Fighting
 - Level 1.7 Axes
 + Level 0.5 Armour
 + Level 2.0 Dodging
 - Level 4.5 Stealth


You couldn't memorise any spells.
You didn't know any spells.
Your spell library contained the following spells:

 Spells                   Type           Power      Damage    Failure   Level
 Foxfire                  Conj/Fire      0%         2x1d4     63%         1
 Conjure Flame            Conj/Fire      0%         6-21      94%         3
 Inner Flame              Hex/Fire       0%         N/A       94%         3
 Cause Fear               Hex            0%         N/A       100%        4
 Flame Wave               Conj/Fire      0%         3d3       100%        4
 Discord                  Hex            0%         N/A       100%        8


Dungeon Overview and Level Annotations

Branches:
Dungeon (5/15)
 Temple: D:4-7

Altars:
Xom


Message History

No target in view!
There is a fountain of clear blue water here.
A gnoll comes into view. It is wielding a +0 whip.
A frilled lizard comes into view.
An orc priest comes into view. It is wielding a +0 mace.
The frilled lizard hisses angrily.
You closely miss the frilled lizard.
The frilled lizard bites you but does no damage.
The frilled lizard barely misses you.
You miss the frilled lizard.
The frilled lizard bites you but does no damage.
You hit the frilled lizard.
You kill the frilled lizard!
The gnoll barely misses you.
You see here a frilled lizard corpse.
You completely miss the gnoll. The gnoll hits you with a +0 whip.
Unknown command.
You barely miss the gnoll. The gnoll hits you with a +0 whip.
You are too injured to fight recklessly!
Unknown command.
You are too injured to fight recklessly!
Unknown command.
You are too injured to fight recklessly!
Unknown command.
You feel yourself speed up. The gnoll hits you with a +0 whip.
You closely miss the gnoll. The gnoll barely misses you.
You closely miss the gnoll. The gnoll closely misses you.
You hit the gnoll.
The gnoll is moderately wounded.
The gnoll hits you with a +0 whip!
* * * LOW HITPOINT WARNING * * *
As you read the scroll of magic mapping, it crumbles to dust.
You feel aware of your surroundings.
You sensed 2 altars.
Found a leather armour.
You see here a +0 leather armour.
A giant cockroach comes into view.
You see here a frilled lizard corpse.
A hobgoblin comes into view.
The hobgoblin hits you.
You die...

,,,,,,**,,,,,**,* *,*
#.# ***,******,#,*#.*
*,* ##.## ***,*
*,#.*#.### *,* ##...#
,,,,* *,*.##...#
*,*##.#.#. *****
*,*,.....#*****,##.##.##
*
*,,,,....,,,,,,,#.##....
*
*****#..#*******####'###
* #g.# #..#... * ####.@#
###..#... * #.....#
#.+..'### *
##########.##.##
#.#..#.+. *
#.............#
#.#..#.#.
#.########.####
#.'##'.#. #.# #.#
#.#..#.#. #g# #.#
#.#..#.+. #.# #.#
#.+..+### #[# #B#
###..#...


You could see a hobgoblin.

Vanquished Creatures
  A dart slug (D:3)
  A hobgoblin (D:3)
  A quokka (D:4)
  2 frilled lizards (D:3)
5 creatures vanquished.

Notes
Turn   | Place    | Note
-------+----------+-------------------------------------------
     0 | D:5      | flotson the Demonspawn Delver began the quest for the Orb.
     0 | D:5      | Reached XP level 1. HP: 18/18 MP: 1/1
   134 | D:4      | Noticed an iguana
   176 | D:3      | Found a shimmering altar of Xom.
   356 | D:3      | Noticed an orc priest
   422 | D:3      | Slain by a hobgoblin

Illustrated notes

Levels and vault maps discovered:
D:3:      layout_loops_ring, bloody_makhleb,
          yredelemnul_forgotten_temple_becter, mainiacjoe_overflow_24_doors,
          st_stairs_4, grunt_decor_mini_mirrors, bh_walls_and_bars
D:4:      layout_basic, serial_forest, infiniplex_forest_zigzag_1,
          infiniplex_forest_lined_3, infiniplex_forest_straight_5,
          infiniplex_forest_lined_2, infiniplex_forest_lined_3,
          infiniplex_forest_pool, infiniplex_forest_clump_curved,
          roderic_batcave, uniq_ijyb
D:5:      layout_basic, mainiacjoe_overflow_boulevard,
          mainiacjoe_overflow_brackets, chei_slow_surprise,
          gammafunk_ghost_grave

Skill      XL: |  1 |
---------------+----+-----
Dodging        | 2 |  2.0
Fighting       | |  3.1
Axes           | |  1.7
Armour         | |  0.5
Stealth        | |  4.5

Action                   || total
-------------------------++-------
Melee: Hand axe          ||    20
  Use: Scroll            ||     1
       Potion            ||     1
Armor: Ring mail         ||     5
Dodge: Dodged            ||    13

Table legend: (Time is in decaauts)
 A = Elapsed time spent in this place.
 B = Non-inter-level travel time spent in this place.
 C = Inter-level travel time spent in this place.
 D = Time resting spent in this place.
 E = Time spent auto-exploring this place.
 F = Levels seen in this place.
 G = Mean time per level.
                   A        B        C        D        E       F      G
               +--------+--------+--------+--------+--------+-----+--------+
         Total |    411 |    411 |      0 |      0 |    243 |   3 |  137.0 |
       Dungeon |    411 |    411 |      0 |      0 |    243 |   3 |  137.0 |
               +--------+--------+--------+--------+--------+-----+--------+

Top non-repeatable levels by time:
     D:3: 251 daAuts
     D:4: 95 daAuts
     D:5: 64 daAuts
